 Dungeon Crawl Stone Soup version 0.26.0-45-g9c1d065592 (webtiles) character file.

Game seed: 5492015421121222491

12089 kaeus the Thaumaturge (level 11, -19/83 HPs)
             Began as a Gnoll Venom Mage on Jan 30, 2021.
             Was a Priest of Kikubaaqudgha.
             Demolished by Donald
             ... wielding a +1 double sword of electrocution
              (26 damage)
             ... on level 2 of the Orcish Mines.
             The game lasted 00:23:28 (14202 turns).

kaeus the Thaumaturge (Gnoll Venom Mage)           Turns: 14202, Time: 00:23:28

Health: -19/83     AC: 10    Str: 25    XL:     11   Next: 87%
Magic:  8/23       EV: 17    Int: 21    God:    Kikubaaqudgha [***...]
Gold:   611        SH: 12    Dex: 21    Spells: 11/26 levels left

rFire    + . .     SeeInvis .   F - +11 flail "Haofya" {freeze, *Drain rC++ Str+9}
rCold    + + .     Faith    .   E - +0 kite shield
rNeg     . . .     Spirit   .   e - +2 leather armour {rF+}
rPois    +         Reflect  .   s - +1 helmet of Pach {rElec rPois Will- Dex+5}
rElec    +         Harm     .   y - +0 cloak
rCorr    .         Rampage  .   (no gloves)
Will     .....                  u - +0 pair of boots
Stlth    ++++......             (no amulet)
HPRegen  0.23/turn              l - +6 ring of strength
MPRegen  0.18/turn              (no ring)

@: no status effects
A: distributed training, fangs 1, strong nose
a: Renounce Religion, Receive Corpses


You were on level 2 of the Orcish Mines.
You worshipped Kikubaaqudgha.
Kikubaaqudgha was most pleased with you.
You visited 3 branches of the dungeon, and saw 12 of its levels.
You also visited: Sewer.

You collected 1013 gold pieces.
You spent 402 gold pieces at shops.

Inventory:

Hand Weapons
 n - a +1 dagger of venom
 z - the +10 great sword of Foolhardiness {drain, rPois rC+ Will- Dex+5}
   (You bought it in a shop on level 8 of the Dungeon)

   A truly terrible weapon, it drains the life of those it strikes.
   It affects your dexterity (+5).
   It protects you from cold.
   It protects you from poison.
   It affects your willpower, your defense against some magical effects.
 F - the +11 flail "Haofya" (weapon) {freeze, *Drain rC++ Str+9}
   (You found it on level 9 of the Dungeon)

   It has been specially enchanted to freeze those struck by it, causing extra
   injury to most foes and up to half again as much damage against particularly
   susceptible opponents.
   It can also slow down cold-blooded creatures.
   It affects your strength (+9).
   It greatly protects you from cold.
   It causes draining when unequipped.
Armour
 e - a +2 leather armour of fire resistance (worn)
 s - the +1 helmet of Pach (worn) {rElec rPois Will- Dex+5}
   (You found it on level 5 of the Dungeon)

   It affects your dexterity (+5).
   It insulates you from electricity.
   It protects you from poison.
   It affects your willpower, your defense against some magical effects.
 u - a +0 pair of boots (worn)
 y - a +0 cloak (worn)
 E - a +0 kite shield (worn)
Jewellery
 l - a +6 ring of strength (left hand)
 q - an uncursed ring of flight {unknown}
Wands
 t - a wand of iceblast (20)
 w - a wand of acid (21)
 C - a wand of enslavement (6)
Scrolls
 b - a scroll of amnesia
 d - a scroll of fog
 f - 3 scrolls of immolation
 g - 3 scrolls of torment
 h - 9 scrolls of remove curse
 p - a scroll of teleportation
 r - a scroll of brand weapon {unknown}
 v - 2 scrolls of fear
 A - a scroll of magic mapping {unknown}
Potions
 a - 2 potions of invisibility
 c - a potion of haste
 i - 3 potions of magic
 j - 3 potions of flight
 k - 5 potions of attraction
 m - a potion of heal wounds
 o - a potion of resistance {unknown}
 B - 3 potions of cancellation
 D - a potion of might {unknown}


   Skills:
 + Level 6.7 Fighting
 + Level 6.7 Short Blades
 + Level 6.7 Long Blades
 + Level 6.7 Axes
 + Level 6.7 Maces & Flails
 + Level 6.7 Polearms
 + Level 6.7 Staves
 + Level 6.7 Slings
 + Level 6.7 Bows
 + Level 6.7 Crossbows
 + Level 6.7 Throwing
 + Level 6.7 Armour
 + Level 8.2 Dodging
 + Level 8.0 Stealth
 + Level 6.7 Shields
 + Level 6.7 Unarmed Combat
 + Level 8.4 Spellcasting
 + Level 5.5 Conjurations
 + Level 5.5 Hexes
 + Level 5.5 Summonings
 + Level 5.5 Necromancy
 + Level 5.5 Translocations
 + Level 6.0 Transmutations
 + Level 5.5 Fire Magic
 + Level 5.5 Ice Magic
 + Level 5.5 Air Magic
 + Level 5.5 Earth Magic
 + Level 7.9 Poison Magic
 + Level 7.3 Invocations
 + Level 6.7 Evocations


You had 11 spell levels left.
You knew the following spells:

 Your Spells              Type           Power        Failure   Level
a - Sting                 Tmut/Pois      100%         1%          1
b - Olgreb's Toxic Radia  Pois           42%          10%         4
c - Mephitic Cloud        Conj/Pois/Air  35%          5%          3
d - Ignite Poison         Fire/Tmut/Pois 36%          5%          3
e - Dazzling Flash        Conj/Hex       64%          8%          3
f - Apportation           Tloc           64%          2%          1

Your spell library contained the following spells:

 Spells                   Type           Power        Failure   Level
 Animate Skeleton         Necr           64%          2%          1
 Corona                   Hex            35%          2%          1
 Magic Dart               Conj           100%         2%          1
 Pain                     Necr           100%         2%          1
 Summon Small Mammal      Summ           100%         2%          1
 Poisonous Vapours        Pois/Air       74%          2%          2
 Searing Ray              Conj           64%          3%          2
 Sublimation of Blood     Necr           16%          3%          2
 Vampiric Draining        Necr           16%          8%          3
 Dispel Undead            Necr           32%          26%         4
 Fulminant Prism          Conj/Hex       16%          26%         4
 Iskenderun's Mystic Bla  Conj/Tloc      32%          26%         4
 Agony                    Necr           32%          56%         5
 Borgnjor's Vile Clutch   Necr/Erth      16%          56%         5
 Death Channel            Necr           16%          98%         6
 Simulacrum               Ice/Necr       16%          98%         6


Dungeon Overview and Level Annotations

Branches:
Dungeon (9/15)             Temple (1/1) D:7            Lair (0/6) D:9
    Orc (2/2) D:9           Sewer (visited)
    Elf: Orc:2

Altars:
Ashenzari
Cheibriados
Dithmenos
Elyvilon
Fedhas
Gozag
Hepliaklqana
Kikubaaqudgha
Makhleb
Nemelex Xobeh
Okawaru
Qazlal
Ru
Sif Muna
Trog
Uskayaw
Vehumet
Wu Jian
Xom
Yredelemnul
Zin
The Shining One

Shops:
D:8 (

Portals:
Abyss: D:3

Annotations:
D:3 2 transporters, ardl's ghost, amateur VSMo
D:5 3 runed translucent doors, Calibrex's ghost, novice DsNe; Tocho's ghost, amateur HOFi; drevil's ghost, amateur MiBe; thiole's ghost, novice OpWz
Orc:2 Donald


Innate Abilities, Weirdness & Mutations

Your experience applies equally to all skills.
You have very sharp teeth.
Your uncanny sense of smell can sniff out nearby items.


Message History

Donald is almost dead.
Donald says, "Yuck, you smell of miasma!"
Donald casts a spell.
Donald seems to speed up.
You hit Donald. You freeze Donald.
Donald is almost dead.
Donald hits you with a +1 double sword of electrocution!! x2
* * * LOW HITPOINT WARNING * * *
You take 47 damage, and have 16/83 hp.
MASSIVE DAMAGE!!
You completely miss Donald.
Donald is almost dead.
Donald looks more healthy.
Donald hits you with a +1 double sword of electrocution!
* * * LOW HITPOINT WARNING * * *
You take 9 damage, and have 7/83 hp.
Casting: Ignite Poison (dangerous; 5% risk of failure)
Confirm with . or Enter, or press ? or * to list all spells.
Donald hits you with a +1 double sword of electrocution!!
You die...
Kikubaaqudgha rasps: "You have failed me!
Welcome... death!"

####.............
##.#..................
#....................#.
##....#.............#..
#......................
#.......................
.........[[.....@.......
.....#..<)#...#.......#.
.......@@...[..........#
.#.#.#.........#......##
##..........##.#....#.
#.....[)...##.........
#....[[.#.####.##.#.##
#...#....### #########
#..###.[..# ...
##......# #. ##....##


You could see Donald (fast, strong).

Vanquished Creatures
  An orc warlord (Orc:2)
  Harold (D:9)
  A two-headed ogre (D:9)
  Erica (D:8)
  Joseph (D:7)
  2 trolls
  Prince Ribbit (D:7)
  Sigmund (D:6)
  A wyvern (D:7)
  12 yaks
  Menkaure (D:7)
  3 wargs (D:9)
  Duvessa (D:7)
  An ice beast (D:9)
  Purgy (Sewer)
  A black bear (D:8)
  A sky beast (D:8)
  2 phantoms (D:8)
  A necrophage (D:4)
  13 orc warriors
  2 ogres
  2 centaurs
  3 bullfrogs
  Dowan (D:7)
  A water moccasin zombie (D:8)
  A wyvern skeleton (D:9)
  3 scorpions
  8 killer bees
  5 wights (D:7)
  An electric eel (D:8)
  A howler monkey (D:4)
  A bullfrog zombie (D:6)
  A jelly (D:6)
  3 hounds
  5 centaur skeletons
  Crazy Yiuf (D:7)
  15 orc priests
  2 bullfrog skeletons
  Jessica (D:3)
  6 iguanas
  19 orc wizards
  4 worker ants
  2 hound skeletons
  4 gnolls (D:3)
  A howler monkey skeleton (D:6)
  18 adders
  A river rat (D:3)
  A shadow imp (D:6)
  6 white imps
  An ufetubus (D:6)
  An ooze (D:2)
  An adder zombie (D:5)
  2 adder skeletons
  6 dart slugs
  A worm (D:4)
  2 leopard geckos (D:3)
  45 orcs
  9 giant cockroaches
  2 hobgoblins (D:3)
  A jackal (D:2)
  10 kobolds
  3 quokkas
  5 ball pythons
  2 bats
  4 frilled lizards
  7 goblins
  8 rats
276 creatures vanquished.

Vanquished Creatures (others)
  32 plants (D:3)
32 creatures vanquished.

Grand Total: 308 creatures vanquished

Notes
Turn   | Place    | Note
-------+----------+-------------------------------------------
     0 | D:1      | kaeus the Gnoll Venom Mage began the quest for the Orb.
     0 | D:1      | Reached XP level 1. HP: 13/13 MP: 6/6
   495 | D:1      | Reached XP level 2. HP: 19/19 MP: 5/7
  1176 | D:2      | Reached XP level 3. HP: 25/25 MP: 5/9
  1226 | D:2      | Reached skill level 5 in Spellcasting
  1356 | D:2      | Found a bloodstained altar of Trog.
  1423 | D:2      | Reached skill level 1 in Invocations
  1542 | D:2      | Reached skill level 1 in Fighting
  1542 | D:2      | Reached skill level 1 in Short Blades
  1542 | D:2      | Reached skill level 1 in Long Blades
  1542 | D:2      | Reached skill level 1 in Axes
  1542 | D:2      | Reached skill level 1 in Maces & Flails
  1542 | D:2      | Reached skill level 1 in Polearms
  1542 | D:2      | Reached skill level 1 in Staves
  1542 | D:2      | Reached skill level 1 in Slings
  1542 | D:2      | Reached skill level 1 in Bows
  1542 | D:2      | Reached skill level 1 in Crossbows
  1542 | D:2      | Reached skill level 1 in Throwing
  1542 | D:2      | Reached skill level 1 in Armour
  1542 | D:2      | Reached skill level 1 in Shields
  1542 | D:2      | Reached skill level 1 in Unarmed Combat
  1542 | D:2      | Reached skill level 1 in Evocations
  1764 | D:2      | Reached XP level 4. HP: 32/32 MP: 7/11
  2526 | D:3      | Found a glowing drain.
  2532 | Sewer    | Entered a sewer
  2579 | Sewer    | Noticed Purgy
  2595 | Sewer    | Killed Purgy
  2596 | Sewer    | Reached skill level 1 in Conjurations
  2596 | Sewer    | Reached skill level 1 in Hexes
  2596 | Sewer    | Reached skill level 1 in Summonings
  2596 | Sewer    | Reached skill level 1 in Necromancy
  2596 | Sewer    | Reached skill level 1 in Translocations
  2596 | Sewer    | Reached skill level 1 in Fire Magic
  2596 | Sewer    | Reached skill level 1 in Ice Magic
  2596 | Sewer    | Reached skill level 1 in Air Magic
  2596 | Sewer    | Reached skill level 1 in Earth Magic
  2596 | Sewer    | Reached XP level 5. HP: 18/37 MP: 5/12
  3393 | D:3      | Noticed Jessica
  3404 | D:3      | Killed Jessica
  3409 | D:3      | Reached XP level 6. HP: 40/44 MP: 7/13
  3609 | D:3      | Learned a level 4 spell: Olgreb's Toxic Radiance
  3613 | D:3      | Learned a level 3 spell: Mephitic Cloud
  3617 | D:3      | Learned a level 3 spell: Ignite Poison
  3639 | D:3      | Found a transporter.
  3642 | D:3      | Found a one-way gate to the infinite horrors of the Abyss.
  3642 | D:3      | Noticed ardl's ghost (amateur VSMo)
  3695 | D:3      | Found a transporter.
  3774 | D:3      | Reached skill level 5 in Dodging
  3940 | D:3      | Found a glowing golden altar of the Shining One.
  4177 | D:4      | Reached XP level 7. HP: 28/50 MP: 6/15
  4995 | D:4      | Reached skill level 5 in Stealth
  5377 | D:4      | Reached XP level 8. HP: 23/57 MP: 16/16
  5760 | D:5      | Entered Level 5 of the Dungeon
  5886 | D:5      | Noticed a yak
  5886 | D:5      | Noticed a yak
  5887 | D:5      | Noticed a yak
  5895 | D:5      | Killed a yak
  5905 | D:5      | Killed a yak
  5906 | D:5      | Killed a yak
  6236 | D:5      | Got a brightly glowing helmet
  6237 | D:5      | Identified the +1 helmet of Pach {rElec rPois Will- Dex+5}
                  | (You found it on level 5 of the Dungeon)
  6357 | D:5      | Found a runed translucent gate.
  6357 | D:5      | Found a runed translucent gate.
  6357 | D:5      | Found a runed translucent gate.
  6675 | D:5      | Found a shimmering blue altar of Sif Muna.
  6974 | D:5      | Noticed thiole's ghost (novice OpWz)
  6975 | D:5      | Noticed Calibrex's ghost (novice DsNe)
  6975 | D:5      | Noticed drevil's ghost (amateur MiBe)
  6975 | D:5      | Noticed Tocho's ghost (amateur HOFi)
  7752 | D:5      | Identified Sif Muna's Reference Book on Moulding
  7903 | D:6      | Reached XP level 9. HP: 56/65 MP: 16/18
  8589 | D:6      | Noticed Sigmund
  8599 | D:6      | Killed Sigmund
  8688 | D:7      | Noticed Joseph
  8692 | D:7      | Noticed Prince Ribbit
  8696 | D:7      | Killed Prince Ribbit
  8696 | D:7      | Killed Joseph
  8874 | D:7      | Reached skill level 5 in Invocations
  9287 | D:7      | Noticed Menkaure
  9308 | D:7      | Killed Menkaure
  9639 | D:7      | Noticed Duvessa
  9654 | D:7      | Killed Duvessa
  9654 | D:7      | Noticed Dowan
  9664 | D:7      | Killed Dowan
  9929 | D:7      | Found a runed translucent door.
  9930 | D:7      | Noticed Crazy Yiuf
  9960 | D:7      | Found a staircase to the Ecumenical Temple.
 10030 | Temple   | Entered the Ecumenical Temple
 10207 | Temple   | Became a worshipper of Kikubaaqudgha
 10279 | D:7      | Killed Crazy Yiuf
 10280 | D:7      | Reached XP level 10. HP: 64/73 MP: 17/20
 10605 | D:8      | Reached skill level 5 in Fighting
 10605 | D:8      | Reached skill level 5 in Short Blades
 10605 | D:8      | Reached skill level 5 in Long Blades
 10605 | D:8      | Reached skill level 5 in Axes
 10605 | D:8      | Reached skill level 5 in Maces & Flails
 10605 | D:8      | Reached skill level 5 in Polearms
 10605 | D:8      | Reached skill level 5 in Staves
 10605 | D:8      | Reached skill level 5 in Slings
 10605 | D:8      | Reached skill level 5 in Bows
 10605 | D:8      | Reached skill level 5 in Crossbows
 10605 | D:8      | Reached skill level 5 in Throwing
 10605 | D:8      | Reached skill level 5 in Armour
 10605 | D:8      | Reached skill level 5 in Shields
 10605 | D:8      | Reached skill level 5 in Unarmed Combat
 10605 | D:8      | Reached skill level 5 in Evocations
 10619 | D:8      | Found Juheb's Antique Weapon Shop.
 10800 | D:8      | Noticed Erica
 10813 | D:8      | Killed Erica
 11012 | D:8      | Bought a translucent great sword for 402 gold pieces
 11012 | D:8      | Identified the +10 great sword of Foolhardiness {drain,
                  | rPois rC+ Will- Dex+5} (You bought it in a shop on level 8
                  | of the Dungeon)
 11493 | D:8      | Reached skill level 5 in Transmutations
 11650 | D:8      | Reached * piety under Kikubaaqudgha
 11650 | D:8      | Identified Kikubaaqudgha's Handbook of Darkness
                  | (Kikubaaqudgha gifted it to you on level 8 of the Dungeon)
 11650 | D:8      | Received a gift from Kikubaaqudgha
 11656 | D:8      | Learned a level 3 spell: Dazzling Flash
 11942 | D:9      | Got a brightly glowing flail
 11943 | D:9      | Identified the +11 flail "Haofya" {freeze, *Drain rC++
                  | Str+9} (You found it on level 9 of the Dungeon)
 12112 | D:9      | Reached XP level 11. HP: 81/81 MP: 6/22
 12210 | D:9      | Found a staircase to the Lair.
 12225 | D:9      | Reached skill level 5 in Conjurations
 12225 | D:9      | Reached skill level 5 in Hexes
 12225 | D:9      | Reached skill level 5 in Summonings
 12225 | D:9      | Reached skill level 5 in Necromancy
 12225 | D:9      | Reached skill level 5 in Translocations
 12225 | D:9      | Reached skill level 5 in Fire Magic
 12225 | D:9      | Reached skill level 5 in Ice Magic
 12225 | D:9      | Reached skill level 5 in Air Magic
 12225 | D:9      | Reached skill level 5 in Earth Magic
 12347 | D:9      | Reached ** piety under Kikubaaqudgha
 12562 | D:9      | Noticed Harold
 12570 | D:9      | Killed Harold
 12754 | D:9      | Noticed a two-headed ogre
 12762 | D:9      | Killed a two-headed ogre
 12925 | D:9      | Learned a level 1 spell: Apportation
 13076 | D:9      | Found a staircase to the Orcish Mines.
 13139 | Orc:1    | Entered Level 1 of the Orcish Mines
 13538 | Orc:2    | Entered Level 2 of the Orcish Mines
 13600 | Orc:2    | Noticed an orc warlord
 13604 | Orc:2    | Reached *** piety under Kikubaaqudgha
 13604 | Orc:2    | Identified Kikubaaqudgha's Grimoire of Stolen Souls
                  | (Kikubaaqudgha gifted it to you on level 2 of the Orcish
                  | Mines)
 13604 | Orc:2    | Received a gift from Kikubaaqudgha
 13614 | Orc:2    | Noticed Donald
 14059 | Orc:2    | Killed an orc warlord
 14202 | Orc:2    | Demolished by Donald

Illustrated notes

Levels and vault maps discovered:
D:1:      erik_arrival_cave_to_civilisation [erik_arrival_cave_to_hall],
          layout_basic, minmay_misc_feat_chi, minmay_misc_feat_more_columns,
          st_stairs_6
D:2:      layout_basic, nicolae_overflow_crystal_walls, st_stairs_4,
          grunt_ministairs_8
D:3:      layout_rooms, portal_sewer_entry_e, gammafunk_ghost_abyssal_escape,
          serial_bayou_lagoon_a, hangedman_abyss_or_decor_stabs,
          nicolae_tso_carved_into_rock, uniq_jessica
D:4:      minmay_polygon_palace, layout_basic, grunt_ministairs_2,
          eino_small_chamber_without_monster, hangedman_abyss_or_decor_stagger
D:5:      layout_basic, gammafunk_ghost_cemetery, led_sif_book
D:6:      layout_basic, grunt_decor_arrowhead, uniq_sigmund
D:7:      layout_rooms, minmay_temple_entry_drinking_statues, uniq_joseph,
          uniq_crazy_yiuf_cottage, uniq_duvessa, uniq_menkaure,
          uniq_prince_ribbit1
D:8:      layout_cave_pools, serial_shops, nicolae_shop_waterfront,
          kennysheep_generic_room_7, uniq_erica
D:9:      layout_long_grid, erik_lair_orcish_takeover, david_orc_2, uniq_harold
Temple:   kilobyte_greek_temple
Orc:1:    layout_diamond_mine
Orc:2:    st_orc_pillars, layout_caves, basic_altar, uniq_donald

Skill      XL: |  1  2  3  4  5  6  7  8  9 10 11 |
---------------+----------------------------------+-----
Transmutations | 2 3 4 5 6 |  6.0
Spellcasting   | 5 6 7 8 |  8.4
Invocations    | 1 2 3 4 5 6 7 |  7.3
Fighting       | 1 2 3 4 5 6 |  6.7
Short Blades   | 1 2 3 4 5 6 |  6.7
Long Blades    | 1 2 3 4 5 6 |  6.7
Axes           | 1 2 3 4 5 6 |  6.7
Maces & Flails | 1 2 3 4 5 6 |  6.7
Polearms       | 1 2 3 4 5 6 |  6.7
Staves         | 1 2 3 4 5 6 |  6.7
Slings         | 1 2 3 4 5 6 |  6.7
Bows           | 1 2 3 4 5 6 |  6.7
Crossbows      | 1 2 3 4 5 6 |  6.7
Throwing       | 1 2 3 4 5 6 |  6.7
Armour         | 1 2 3 4 5 6 |  6.7
Shields        | 1 2 3 4 5 6 |  6.7
Unarmed Combat | 1 2 3 4 5 6 |  6.7
Evocations     | 1 2 3 4 5 6 |  6.7
Conjurations   | 1 2 3 4 5 |  5.5
Hexes          | 1 2 3 4 5 |  5.5
Summonings     | 1 2 3 4 5 |  5.5
Necromancy     | 1 2 3 4 5 |  5.5
Translocations | 1 2 3 4 5 |  5.5
Fire Magic     | 1 2 3 4 5 |  5.5
Ice Magic      | 1 2 3 4 5 |  5.5
Air Magic      | 1 2 3 4 5 |  5.5
Earth Magic    | 1 2 3 4 5 |  5.5
Dodging        | 5 6 7 8 |  8.2
Stealth        | 5 6 7 8 |  8.0
Poison Magic   | 6 7 |  7.9

Action                   |  1- 3 |  4- 6 |  7- 9 | 10-12 || total
-------------------------+-------+-------+-------+-------++-------
Melee: Dagger            |    31 |   101 |   284 |    79 ||   495
       Bite              |     3 |    10 |    57 |    25 ||    95
       Punch             |     2 |     1 |    11 |       ||    14
       Great sword       |       |       |       |    13 ||    13
       Flail             |       |       |       |    58 ||    58
 Cast: Sting             |    34 |    73 |   117 |    50 ||   274
       Olgreb's Toxic Ra |       |     2 |    10 |    46 ||    58
       Ignite Poison     |       |       |    10 |    22 ||    32
       Mephitic Cloud    |       |       |     4 |     6 ||    10
       Dazzling Flash    |       |       |       |     2 ||     2
  Use: Scroll            |       |     9 |     5 |     4 ||    18
       Potion            |       |       |     5 |       ||     5
 Stab: Distracted        |       |       |     1 |       ||     1
       Confused          |       |       |       |     1 ||     1
Armor: Leather armour    |     7 |    37 |    46 |    31 ||   121
Dodge: Dodged            |    24 |   127 |   194 |   105 ||   450
Block: Kite shield       |       |       |       |    40 ||    40
       Rpst.: Great sword |       |       |       |     1 ||     1
